Map: Buried Caverns

Players

Cthulhu

  • Race: Terran Terran
  • Spawn Location: 7:00

Faust

  • Race: Zerg Zerg
  • League: Diamond
  • Spawn Location: 9:00

Throwfordays

  • Race: Zerg Zerg
  • League: Silver
  • Spawn Location: 9:00

Joker - Winner!

  • Race: Zerg Zerg
  • League: Platinum
  • Spawn Location: 3:00

stlover - Winner!

  • Race: Terran Terran
  • Spawn Location: 5:00

VicplusY - Winner!

  • Race: Protoss Protoss
  • Spawn Location: 3:00

VOD

Have the link to the VOD?

Description

Time

  • Played on: March 23, 2019, 11:19 p.m.
  • Length: 17:13
Show
View Real Time Build Order
Export as new Build Order

Cthulhu Terran 

Build Orders:  

Get SALT Encoding   

  12  0:01  SCV  
  13  0:14  SCV  
  14  0:20  Supply Depot  
  14  0:26  SCV  
  15  0:43  Barracks  
  15  0:45  SCV  
  16  0:54  Refinery  
  16  0:57  SCV  
  17  1:06  Supply Depot  
  17  1:13  SCV  
  18  1:31  Marine, Orbital Command  
  19  1:34  Refinery  
  19  1:43  Engineering Bay  
  19  1:50  Barracks  
  19  1:55  Marine  
  19  1:59  SCV  
  21  2:09  Terran Infantry Weapons Level 1  
  21  2:25  SCV  
  23  2:44  SCV  
  23  2:48  Supply Depot  
  23  2:52  Factory  
  23  2:58  Supply Depot  
  23  3:01  Marine  
  23  3:05  Barracks Tech Lab  
  24  3:06  SCV  
  24  3:20  SCV  
  24  3:22  Barracks Reactor  
  24  3:26  Combat Shield, Marauder  
  27  3:32  Supply Depot  
  27  3:39  Widow Mine  
  27  3:40  Sensor Tower, Supply Depot  
  29  3:42  SCV  
  30  4:11  Command Center  
  30  4:22  Terran Infantry Armor Level 1  
  30  4:25  Marine x2, Armory  
  32  4:35  Starport  
  32  4:47  Marine x2, SCV  
  32  4:48  Marine  
  36  5:08  Factory Tech Lab  
  36  5:11  Starport Reactor  
  36  5:14  Marine, Supply Depot  
  36  5:15  Marine  
  38  5:31  Orbital Command  
  38  5:35  SCV  
  39  5:37  Stimpack  
  39  5:41  Siege Tank  
  42  5:47  SCV  
  43  5:51  Marine  
  43  5:52  Marine x2  
  46  6:02  Medivac  
  48  6:09  SCV x2  
  50  6:11  Marine x3  
  50  6:14  Widow Mine  
  55  6:26  Terran Infantry Weapons Level 2  
  55  6:28  SCV  
  55  6:29  SCV  
  55  6:30  Marine  
  55  6:31  Marine x2  
  60  6:47  SCV x2  
  60  6:50  Siege Tank  
  60  6:52  Medivac  
  67  6:56  Marine x2  
  67  6:57  Marine  
  67  7:01  Refinery  
  70  7:02  Refinery  
  70  7:22  Widow Mine  
  72  7:44  Widow Mine  
  74  7:54  Medivac  
  74  7:55  Medivac  
  78  8:06  Sensor Tower  
  78  8:07  Missile Turret  
  78  8:29  SCV x2  
  78  8:30  Marine  
  78  8:31  Marine, Marauder  
  78  8:33  Medivac  
  86  8:40  Supply Depot  
  86  8:41  Supply Depot, Terran Infantry Armor Level 2  
  86  8:55  Barracks  
  86  8:58  Command Center  
  86  9:02  Marine x2, Viking, SCV x2  
  92  9:13  Terran Vehicle And Ship Armor Level 1  
  92  9:20  Command Center  
  92  9:30  Factory  
  92  10:10  SCV x2  
  92  10:11  Orbital Command  
  92  10:12  Marine  
  92  10:13  Barracks Reactor, Marauder  
  95  10:14  Marine  
  95  10:18  Siege Tank  
  99  10:25  Factory Reactor  
  99  10:27  Viking x2  
  103  10:49  Missile Turret x2  
  103  10:51  Widow Mine, Missile Turret  
  105  10:57  Missile Turret  
  105  11:01  SCV  
  105  11:02  SCV x2, Missile Turret  
  108  11:04  Orbital Command  
  108  11:06  Marine x3  
  113  11:11  Widow Mine  
  113  11:32  Widow Mine x2  
  117  11:55  Marine x4  
  121  12:17  Sensor Tower  
  121  12:34  Terran Infantry Weapons Level 3  
  111  13:16  Marine  
  111  13:17  Marine x4  
  99  13:34  Marine  
  99  13:35  Marine x4  
  99  13:37  Widow Mine x3  
  99  13:39  Viking x2  
  114  13:49  Refinery x2  
  114  13:52  SCV x2  
  114  13:53  Refinery, SCV x2  
  118  13:56  Refinery  
  118  13:58  Widow Mine  
  118  13:59  Widow Mine  
  118  14:01  Marine x2  
  118  14:02  Marine x3  
  127  14:04  SCV  
  127  14:06  Ghost Academy  
  127  14:08  Ghost Academy  
  118  14:13  Ghost Academy  
  112  14:19  Marine  
  90  14:58  SCV  
  90  14:59  Marine x2  
  90  15:00  Marine x3  
  83  15:08  Widow Mine x3  
  85  15:17  Marine  
  66  15:29  Widow Mine  
  66  15:30  Widow Mine x2  
Show
View Real Time Build Order
Export as new Build Order

Faust Zerg 

Build Orders: Hatch First, Swarm Host 

Get SALT Encoding   

  12  0:01  Drone  
  13  0:08  Drone  
  14  0:18  Extractor, Drone  
  15  0:23  Overlord  
  15  0:42  Drone x2  
  17  0:54  Hatchery  
  16  0:58  Drone  
  16  1:02  Extractor  
  16  1:04  Drone  
  17  1:19  Spawning Pool  
  17  1:21  Drone  
  17  1:25  Drone  
  18  1:29  Drone  
  19  1:37  Overlord  
  19  2:06  Metabolic Boost  
  19  2:07  Queen  
  19  2:08  Queen  
  23  2:13  Drone x2  
  25  2:16  Drone  
  26  2:23  Overlord  
  26  2:28  Drone  
  27  2:30  Drone  
  27  2:33  Drone  
  29  2:43  Drone  
  30  2:44  Baneling Nest  
  30  2:48  Drone  
  30  2:49  Drone  
  31  2:53  Overlord  
  31  3:05  Zergling x4  
  33  3:08  Zergling x2  
  34  3:18  Zergling x10  
  34  3:19  Overlord  
  39  3:21  Drone  
  40  3:33  Drone x3  
  43  3:35  Drone  
  44  3:45  Drone x2  
  46  3:53  Spore Crawler  
  45  3:55  Spore Crawler  
  45  3:56  Drone  
  45  3:58  Hatchery  
  44  4:14  Drone x2  
  46  4:33  Drone x5  
  46  4:35  Drone x5  
  52  4:43  Lair  
  48  4:55  Drone x3  
  48  4:59  Extractor  
  50  5:00  Drone  
  50  5:01  Drone  
  52  5:12  Drone  
  52  5:13  Drone x4  
  57  5:15  Drone x3  
  57  5:20  Extractor  
  59  5:22  Extractor  
  59  5:24  Spore Crawler, Drone x3  
  60  5:32  Drone x2  
  62  5:35  Queen  
  62  5:40  Drone  
  65  5:44  Extractor  
  65  5:47  Extractor  
  65  5:49  Drone x3  
  66  5:51  Overlord x5  
  66  5:57  Hydralisk Den  
  66  6:00  Evolution Chamber  
  66  6:01  Evolution Chamber  
  66  6:03  Spore Crawler  
  62  6:05  Drone  
  62  6:06  Drone x3  
  62  6:07  Overlord x3  
  66  6:17  Hatchery, Drone x4  
  69  6:19  Spore Crawler  
  68  6:30  Zerg Ground Armor Level 1, Zerg Missile Weapons Level 1  
  68  6:32  Muscular Augments  
  68  6:34  Drone x3  
  68  6:36  Drone x2  
  68  6:39  Spore Crawler, Drone  
  74  6:40  Drone x2  
  75  6:50  Infestation Pit  
  75  6:53  Drone x2  
  76  6:55  Nydus Network  
  75  7:02  Drone x6  
  75  7:03  Drone  
  75  7:04  Overlord x5  
  82  7:18  Hydralisk x3  
  82  7:19  Hydralisk  
  90  7:29  Drone x3  
  93  7:32  Queen, Drone x5  
  93  7:33  Hydralisk x4  
  108  7:43  Spore Crawler, Grooved Spines  
  108  7:44  Spore Crawler  
  106  7:48  Hydralisk x4  
  106  7:50  Hydralisk  
  116  7:55  Hydralisk  
  116  7:58  Drone  
  119  8:02  Overlord x2  
  119  8:06  Hydralisk  
  119  8:07  Hydralisk x2  
  125  8:21  Extractor, Drone  
  125  8:22  Drone x3  
  125  8:24  Extractor  
  127  8:27  Drone x2  
  129  8:37  Swarm Host  
  129  8:38  Swarm Host x9  
  159  8:49  Overlord x2  
  159  8:51  Zerg Ground Armor Level 2, Zerg Missile Weapons Level 2  
  159  8:56  Hive  
  159  8:59  Spire  
  158  9:07  Drone x2  
  160  9:17  Nydus Canal  
  157  10:00  Overlord x2  
  157  10:01  Overlord  
  157  10:14  Spire  
  157  10:18  Burrow  
  157  10:19  Pneumatized Carapace  
  157  10:20  Hydralisk x5  
  157  10:21  Hydralisk x9  
  184  10:30  Nydus Canal  
  184  11:03  Spore Crawler  
  183  11:12  Zerg Missile Weapons Level 3  
  183  11:14  Zerg Ground Armor Level 3  
  183  11:26  Spine Crawler x2  
  183  11:32  Overseer  
  181  11:37  Nydus Canal  
  181  11:48  Adrenal Glands  
  181  11:50  Zerg Flyer Weapons Level 1  
  181  11:51  Zerg Flyer Armor Level 1  
  161  13:45  Nydus Canal  
  135  14:22  Zerg Melee Weapons Level 1  
  129  14:25  Zerg Flyer Armor Level 2, Zerg Flyer Weapons Level 2  
  113  14:56  Corruptor x16  
  113  14:57  Corruptor x26  
  197  15:17  Zergling x2  
  197  15:18  Zergling x4  
  101  16:12  Corruptor  
  101  16:13  Corruptor x20  
  101  16:14  Corruptor  
  101  16:16  Zergling x2  
  101  16:17  Zergling x4  
  140  16:26  Zergling x4  
Show
View Real Time Build Order
Export as new Build Order

Throwfordays Zerg 

Build Orders: Hatch First 

Get SALT Encoding   

  12  0:02  Drone  
  13  0:13  Drone  
  14  0:36  Hatchery  
  14  0:40  Drone  
  14  0:56  Spawning Pool  
  13  0:59  Drone  
  14  1:07  Overlord  
  14  1:12  Extractor  
  14  1:13  Extractor  
  14  1:17  Drone  
  13  1:21  Drone  
  16  1:31  Drone  
  17  1:48  Hatchery, Drone  
  17  1:55  Overlord  
  17  1:59  Drone  
  18  2:09  Queen  
  18  2:13  Drone  
  21  2:21  Queen  
  23  2:25  Drone  
  23  2:27  Drone  
  25  2:32  Extractor  
  25  2:33  Drone  
  25  2:35  Drone  
  26  2:39  Drone  
  27  2:48  Extractor  
  26  2:52  Drone x2  
  29  2:58  Drone x2  
  29  3:03  Drone  
  29  3:04  Queen  
  33  3:09  Drone  
  34  3:15  Zergling x2  
  34  3:17  Zergling x2  
  34  3:18  Zergling x2  
  34  3:19  Zergling x4  
  40  3:20  Zergling x2  
  40  3:25  Drone x2  
  42  3:28  Overlord  
  42  3:32  Overlord  
  42  3:36  Metabolic Boost  
  42  3:48  Drone x2  
  36  3:58  Drone x5  
  36  3:59  Drone  
  42  4:12  Evolution Chamber  
  42  4:15  Drone  
  42  4:18  Drone x3  
  42  4:19  Drone x3  
  49  4:24  Drone x3  
  49  4:26  Drone  
  49  4:29  Drone  
  49  4:42  Drone x4  
  53  4:48  Spore Crawler  
  53  4:52  Spore Crawler, Drone  
  52  4:55  Spore Crawler  
  52  4:57  Drone x3  
  54  5:01  Drone x4  
  57  5:18  Drone  
  58  5:21  Overlord x4  
  58  5:38  Lair  
  58  5:42  Roach Warren  
  58  5:44  Drone x3  
  60  5:50  Baneling Nest  
  60  5:51  Zerg Missile Weapons Level 1  
  60  5:53  Evolution Chamber  
  60  5:56  Drone x3  
  61  5:59  Extractor  
  61  6:04  Extractor, Drone x3  
  61  6:08  Drone x5  
  61  6:09  Drone  
  68  6:12  Extractor  
  68  6:14  Extractor  
  66  6:23  Zerg Ground Armor Level 1  
  66  6:27  Drone x3  
  69  6:35  Drone  
  69  6:36  Drone  
  71  6:40  Drone x2  
  73  6:47  Spire, Hydralisk Den  
  73  6:48  Drone  
  73  6:53  Pneumatized Carapace  
  72  6:59  Drone x3  
  74  7:18  Hydralisk x6  
  74  7:21  Hydralisk  
  69  7:34  Drone  
  69  7:35  Queen  
  69  7:36  Queen  
  75  7:51  Drone x2  
  76  7:59  Drone x3  
  76  8:00  Drone x3  
  76  8:04  Drone x2  
  76  8:05  Drone x4  
  88  8:11  Queen  
  90  8:14  Grooved Spines  
  90  8:24  Overlord x2  
  90  8:35  Overlord x3  
  90  8:45  Overlord x4  
  90  8:57  Drone x3  
  90  9:00  Drone  
  94  9:03  Drone x2  
  94  9:07  Hydralisk x3  
  102  9:14  Hydralisk x3  
  102  9:15  Hydralisk  
  110  9:26  Muscular Augments  
  110  9:30  Spire  
  109  9:33  Infestation Pit, Zerg Missile Weapons Level 2  
  109  9:34  Zerg Ground Armor Level 2  
  108  9:43  Hydralisk x3  
  114  9:48  Corruptor x3  
  114  9:51  Corruptor  
  120  10:24  Zerg Flyer Weapons Level 1  
  120  10:27  Hive  
  120  11:04  Corruptor  
  120  11:05  Corruptor x2  
  120  11:08  Corruptor, Zerg Flyer Armor Level 1  
  120  11:09  Corruptor x3  
  134  11:25  Corruptor x3  
  134  11:26  Corruptor  
  142  11:50  Zerg Missile Weapons Level 3  
  142  12:09  Hatchery  
  141  12:22  Extractor  
  140  12:23  Hatchery  
  140  12:27  Extractor  
  138  12:32  Extractor  
  137  12:37  Extractor  
  130  13:25  Corruptor x5  
  140  13:29  Corruptor x6  
  140  13:33  Corruptor x5  
  140  13:34  Corruptor  
  164  13:47  Drone  
  164  13:48  Drone x2  
  167  13:50  Drone x2  
  89  14:46  Zerg Flyer Armor Level 2, Zerg Flyer Weapons Level 2  
  89  14:50  Drone  
  89  14:51  Drone x2  
  84  14:53  Drone x3  
  84  14:56  Corruptor x5  
  84  14:57  Corruptor  
  84  14:58  Corruptor x2  
  84  14:59  Corruptor x4  
  109  15:03  Corruptor  
  111  15:13  Drone x2  
  111  15:14  Drone x2  
  115  15:20  Drone  
  116  15:24  Drone x2  
  118  15:29  Corruptor x2  
  118  15:32  Corruptor  
  118  15:35  Corruptor x3  
  122  16:17  Hydralisk x6  
  122  16:20  Hydralisk x5  
  122  16:21  Hydralisk  
  122  16:23  Hydralisk  
  122  16:24  Hydralisk x6  
  144  16:36  Hydralisk x3  
  144  16:38  Hydralisk  
  144  16:39  Hydralisk x2  
  156  16:41  Hydralisk x2  
  156  16:43  Hydralisk x3  
  156  16:46  Hydralisk x2  
Show
View Real Time Build Order
Export as new Build Order

Joker Zerg - Winner!

Build Orders: Hatch First, Brood Lord Corruptor 

Get SALT Encoding   

  12  0:07  Drone  
  12  0:08  Drone  
  14  0:17  Overlord  
  14  0:27  Extractor, Drone  
  15  0:36  Drone  
  15  0:41  Drone  
  17  0:57  Drone  
  17  1:01  Hatchery  
  17  1:02  Drone  
  18  1:11  Extractor  
  18  1:17  Spawning Pool  
  16  1:20  Drone  
  17  1:30  Drone  
  18  1:34  Drone  
  19  1:45  Overlord  
  19  1:56  Drone  
  20  2:06  Drone  
  20  2:07  Queen  
  23  2:14  Queen  
  25  2:18  Zergling x2  
  25  2:20  Zergling x2  
  27  2:24  Drone  
  28  2:33  Overlord  
  28  2:40  Drone x2  
  30  2:46  Roach Warren  
  30  2:50  Overlord  
  29  2:57  Drone x2  
  31  3:00  Drone  
  32  3:12  Metabolic Boost  
  31  3:15  Overlord  
  31  3:19  Overlord  
  31  3:31  Drone  
  31  3:32  Drone x6  
  38  3:35  Overlord  
  38  3:44  Extractor  
  38  3:45  Drone x2  
  39  3:55  Lair  
  38  4:06  Drone x4  
  38  4:07  Baneling Nest  
  41  4:13  Extractor x2  
  39  4:24  Evolution Chamber  
  39  4:26  Queen, Hatchery, Evolution Chamber  
  38  4:34  Drone  
  38  4:35  Drone x3  
  38  4:36  Drone  
  38  4:38  Drone  
  44  4:53  Zerg Melee Weapons Level 1, Zerg Ground Armor Level 1  
  44  5:02  Queen  
  44  5:06  Spire  
  45  5:21  Drone, Infestation Pit  
  45  5:22  Drone x5  
  45  5:23  Drone  
  45  5:25  Drone  
  52  5:58  Hive  
  52  6:00  Pneumatized Carapace  
  52  6:01  Burrow  
  52  6:02  Drone x7  
  52  6:03  Drone x4  
  63  6:25  Extractor  
  63  6:26  Extractor, Drone x6  
  63  6:27  Drone  
  63  6:32  Overlord  
  68  6:33  Hatchery  
  68  6:37  Corruptor x2  
  71  6:43  Zerg Flyer Weapons Level 1  
  71  7:12  Queen  
  73  7:16  Spire  
  73  7:19  Centrifical Hooks  
  72  7:37  Drone  
  72  7:38  Drone x8  
  81  7:59  Zerg Melee Weapons Level 2, Zerg Ground Armor Level 2  
  81  8:01  Adrenal Glands  
  81  8:05  Drone  
  81  8:06  Drone x5  
  81  8:08  Extractor, Overlord  
  81  8:09  Extractor, Overlord  
  81  8:10  Overlord x2  
  81  8:11  Overlord  
  81  8:12  Overlord  
  85  8:30  Drone x2  
  85  8:31  Drone x2  
  85  8:32  Drone x2  
  85  8:33  Zergling x2  
  85  8:34  Zergling x10  
  97  8:39  Greater Spire  
  97  8:41  Zerg Flyer Weapons Level 2  
  97  8:45  Corruptor x5  
  107  9:20  Zergling x4  
  107  9:21  Zergling x28  
  123  9:44  Hatchery  
  104  10:39  Corruptor  
  104  10:40  Corruptor x15  
  134  10:50  Zerg Flyer Armor Level 1  
  134  10:51  Brood Lord  
  134  10:53  Overlord  
  134  10:54  Overlord  
  134  10:56  Overlord  
  136  10:57  Overlord  
  136  10:59  Overlord  
  136  11:02  Zerg Ground Armor Level 3, Zerg Melee Weapons Level 3  
  136  11:22  Drone x3  
  139  11:26  Brood Lord x3  
  139  11:27  Brood Lord x3  
  151  11:34  Extractor, Zerg Flyer Weapons Level 3  
  151  11:39  Extractor  
  149  11:50  Brood Lord x2  
  149  11:52  Corruptor  
  156  12:01  Zergling x6  
  156  12:02  Zergling x40  
  174  12:23  Queen  
  167  12:38  Overlord  
  167  12:48  Drone x3  
  167  12:49  Drone x2  
  167  12:50  Drone x2  
  174  12:55  Corruptor  
  174  12:56  Corruptor x7  
  174  12:58  Overlord  
  190  12:59  Overlord  
  190  13:05  Zergling x2  
  182  13:12  Overlord x2  
  181  13:38  Zerg Flyer Armor Level 2  
  181  13:44  Baneling x6  
  181  13:45  Baneling x2  
  181  13:48  Corruptor  
  181  13:49  Corruptor x8  
  181  13:54  Drone  
  180  14:32  Spore Crawler  
  179  14:52  Zergling x26  
  190  14:53  Zergling x4  
  190  14:54  Spore Crawler  
  190  14:57  Spore Crawler x3  
  190  14:58  Spore Crawler  
  187  15:16  Corruptor x3  
  187  15:17  Corruptor x2  
  197  15:23  Spore Crawler  
  188  15:53  Corruptor  
  188  15:54  Corruptor x5  
  200  15:59  Spore Crawler  
  200  16:00  Spore Crawler x2  
  183  16:20  Brood Lord x3  
  183  16:21  Corruptor  
  183  16:22  Corruptor x4  
  183  16:25  Zergling x2  
Show
View Real Time Build Order
Export as new Build Order

stlover Terran - Winner!

Build Orders:  

Get SALT Encoding   

  12  0:01  SCV  
  13  0:17  Supply Depot  
  13  0:19  SCV  
  14  0:34  SCV  
  15  0:41  Refinery  
  15  0:43  Barracks  
  15  0:47  SCV  
  16  0:59  SCV  
  18  1:11  SCV  
  18  1:24  SCV  
  19  1:35  Supply Depot  
  19  1:39  Barracks Reactor  
  19  1:45  Orbital Command  
  19  2:06  Factory  
  19  2:11  SCV  
  20  2:18  Marine x2  
  22  2:32  Command Center  
  22  2:37  Marine x2  
  22  2:38  SCV  
  26  2:51  SCV  
  26  2:53  Factory Tech Lab  
  26  2:55  Marine x2  
  28  3:06  Refinery  
  28  3:13  Marine x2  
  28  3:18  SCV  
  31  3:35  Supply Depot x2  
  31  3:43  SCV, Siege Tank  
  31  3:45  Orbital Command  
  35  3:54  Marine x2  
  37  3:55  SCV  
  38  4:07  SCV  
  39  4:11  Marine  
  39  4:12  Marine, SCV  
  39  4:15  Refinery  
  42  4:20  SCV  
  43  4:26  Orbital Command  
  37  4:50  SCV  
  38  5:02  SCV  
  38  5:03  SCV  
  40  5:08  Marine x2  
  40  5:10  Siege Tank  
  45  5:14  SCV  
  45  5:21  Starport  
  46  5:25  Marine  
  47  5:30  Barracks  
  47  5:38  Barracks  
  47  5:41  Engineering Bay  
  47  5:43  Engineering Bay  
  47  5:45  Armory  
  47  5:57  Marine x2  
  47  5:59  Siege Tank  
  47  6:01  Medivac  
  54  6:15  Marine  
  56  6:18  SCV  
  56  6:23  SCV  
  56  6:24  Marine  
  59  6:27  Barracks Tech Lab  
  59  6:30  SCV, Barracks Tech Lab  
  59  6:32  Siege Tank, Terran Infantry Weapons Level 1  
  62  6:33  Terran Infantry Armor Level 1  
  62  6:36  Supply Depot  
  62  6:43  Supply Depot  
  62  6:52  Refinery  
  62  6:57  Medivac  
  62  6:58  SCV x2  
  66  7:03  Supply Depot  
  66  7:04  Supply Depot  
  66  7:10  SCV x2  
  66  7:13  Marine x3  
  66  7:14  Marauder  
  73  7:18  Siege Tank  
  73  7:22  SCV  
  77  7:23  Terran Vehicle And Ship Armor Level 1  
  77  7:29  Combat Shield  
  77  7:32  Marauder  
  77  7:33  Drilling Claws  
  77  7:36  Marine x2  
  81  7:44  Starport Reactor  
  81  7:47  Stimpack  
  81  7:54  Starport  
  81  8:00  Factory  
  81  8:04  Marine x4  
  85  8:12  Siege Tank  
  88  8:21  Marine  
  89  8:27  Command Center  
  89  8:42  Missile Turret  
  89  8:43  Missile Turret  
  89  8:47  SCV  
  90  8:49  SCV  
  90  8:55  Marine x3  
  93  9:00  Factory Tech Lab, Starport Tech Lab  
  94  9:05  Terran Infantry Weapons Level 2  
  94  9:13  Terran Infantry Armor Level 2  
  94  9:19  Marine, Marauder  
  97  9:32  Marine x2  
  97  9:37  Marine  
  100  9:39  Concussive Shells  
  100  9:46  Marine  
  100  9:48  Thor  
  100  9:49  Viking  
  100  9:50  Marine  
  110  9:54  Viking  
  112  10:02  Orbital Command  
  112  10:04  SCV x2  
  114  10:09  Marauder  
  116  10:23  SCV  
  117  10:29  SCV  
  117  10:35  SCV  
  119  10:42  SCV x2  
  121  10:43  Refinery  
  121  10:47  SCV  
  122  10:54  SCV x2, Supply Depot  
  122  10:55  Supply Depot  
  124  10:59  SCV  
  124  11:04  Supply Depot  
  125  11:06  Supply Depot  
  125  11:18  SCV  
  125  11:21  SCV  
  125  11:22  Marine  
  125  11:23  Marine x3  
  131  11:26  Thor  
  131  11:27  Medivac  
  131  11:31  Liberator  
  142  11:33  SCV  
  143  11:41  Marauder x2, Terran Infantry Weapons Level 3  
  147  11:47  Terran Infantry Armor Level 3  
  147  11:53  Supply Depot  
  147  11:57  Marine x2  
  149  12:02  Marine  
  150  12:08  Viking  
  150  12:09  Medivac  
  154  12:17  Terran Vehicle Weapons Level 1  
  121  13:27  Marine x4  
  113  13:29  Siege Tank x2  
  113  13:32  Viking  
  125  13:34  Viking, Medivac  
  129  13:44  Marine  
  129  13:45  Marauder x2  
  134  14:02  Liberator  
  134  14:07  Marauder x2  
  138  14:28  Marauder  
  128  14:36  Marine  
  128  14:37  Marine x2  
  108  14:49  Marine  
  107  14:54  Marine  
  107  14:55  Marauder  
  110  15:00  Marine  
  111  15:07  Marauder  
  111  15:12  Marine  
  114  15:15  Viking x2, Medivac  
  114  15:16  Marine  
  114  15:18  Marine, Siege Tank  
  114  15:19  Siege Tank  
  128  15:29  Marauder  
  128  15:34  Marauder  
  132  15:45  Medivac x2  
  127  15:53  Marine x3  
  127  15:55  Marine  
  131  16:09  Siege Tank  
  131  16:10  Siege Tank  
  131  16:11  Marine x2  
  137  16:12  Marauder  
  137  16:14  Marauder  
  143  16:29  Marine  
  141  16:33  Marauder  
  141  16:35  Marauder  
  145  16:43  Marine  
  145  16:46  Marine  
  160  16:54  Marine  
Show
View Real Time Build Order
Export as new Build Order

VicplusY Protoss - Winner!

Build Orders: Oracle Opening, Carriers 

Get SALT Encoding   

  12  0:00  Probe  
  13  0:14  Pylon  
  13  0:18  Probe  
  14  0:30  Probe  
  15  0:36  Gateway  
  15  0:42  Probe  
  16  0:45  Assimilator  
  16  0:51  Probe  
  17  0:59  Probe  
  18  1:08  Pylon, Probe  
  19  1:20  Probe  
  19  1:21  Assimilator  
  20  1:29  Cybernetics Core  
  20  1:32  Pylon  
  20  1:34  Probe  
  21  1:46  Probe  
  22  1:58  Probe  
  23  2:05  Warp Gate  
  23  2:08  Stargate  
  23  2:14  Adept  
  25  2:20  Gateway  
  25  2:42  Nexus  
  25  2:45  Oracle  
  28  3:05  Probe  
  29  3:12  Stargate  
  29  3:17  Probe  
  30  3:35  Void Ray  
  30  3:40  Probe  
  35  3:52  Probe  
  36  3:58  Probe  
  36  4:00  Probe  
  37  4:06  Probe  
  37  4:09  Probe  
  38  4:13  Void Ray  
  38  4:15  Probe  
  44  4:18  Probe  
  46  4:27  Probe  
  46  4:30  Probe  
  48  4:47  Void Ray  
  52  5:24  Pylon  
  52  5:26  Pylon  
  52  5:27  Pylon  
  52  5:42  Void Ray  
  52  5:46  Void Ray  
  56  5:54  Probe  
  56  5:55  Probe  
  58  5:57  Assimilator  
  58  5:59  Pylon  
  58  6:01  Assimilator, Pylon  
  58  6:04  Pylon  
  58  6:06  Probe  
  58  6:07  Probe  
  58  6:09  Pylon, Protoss Air Weapons Level 1  
  60  6:14  Fleet Beacon  
  60  6:19  Probe x2  
  62  6:31  Probe x2  
  62  6:32  Void Ray x2  
  72  6:43  Probe x2  
  74  6:55  Probe x2  
  76  7:07  Probe  
  77  7:15  Tempest x2  
  87  7:45  Stargate  
  87  7:58  Tempest, Void Ray  
  96  8:02  Protoss Air Weapons Level 2  
  96  8:13  Pylon  
  96  8:15  Pylon  
  96  8:16  Pylon  
  96  8:19  Stargate  
  96  8:39  Nexus  
  96  8:40  Tempest  
  101  8:41  Pylon  
  101  8:43  Pylon  
  101  8:46  Assimilator  
  101  8:50  Assimilator  
  101  8:55  Pylon  
  101  8:56  Pylon  
  101  9:22  Probe  
  101  9:23  Probe  
  103  9:26  Tempest x2, Carrier  
  105  10:08  Protoss Air Armor Level 1  
  105  10:11  Nexus  
  105  10:13  Pylon  
  105  10:15  Tempest, Pylon, Carrier  
  116  10:28  Probe x2  
  118  10:40  Probe x2  
  120  10:52  Probe  
  120  10:53  Probe  
  122  11:00  Carrier  
  128  11:05  Probe  
  128  11:07  Pylon  
  128  11:08  Pylon  
  128  11:10  Pylon  
  129  11:15  Probe  
  129  11:17  Probe  
  131  11:27  Probe  
  131  11:29  Probe  
  131  11:31  Protoss Air Weapons Level 3  
  133  11:36  Probe  
  133  11:39  Probe  
  135  11:41  Probe  
  136  11:48  Probe  
  136  11:51  Probe  
  138  12:00  Mothership  
  146  12:23  Probe  
  147  12:35  Probe  
  148  12:47  Tempest x2, Carrier  
  148  12:48  Carrier, Probe  
  171  13:00  Probe  
  169  13:33  Tempest  
  174  13:34  Carrier  
  180  13:51  Tempest  
  180  13:52  Tempest  
  190  14:08  Protoss Air Armor Level 2  
  146  14:45  Tempest x3, Carrier  
  161  15:28  Tempest  
  166  15:52  Tempest x2  
  166  15:53  Carrier  
  133  16:20  Tempest  
Tags
 
Add a new tag
Caveats
  • Supply blocks, unpowered buildings, or Contaminate may cause inaccurate times.
  • Supply counts are checked every 10 seconds.